 Dungeon Crawl Stone Soup version 0.15.1-1-gfacfea3 (webtiles) character file.

606 CrazyArbalest the Sneak (level 7, -4/33 HPs)
             Began as a Spriggan Enchanter on Sept 21, 2014.
             Was an Initiate of Dithmenos.
             Slain by a slave (5 damage)
             ... led by Pikel
             ... in the Ecumenical Temple.
             The game lasted 00:28:35 (4752 turns).

CrazyArbalest the Sneak (Spriggan Enchanter)        Turns: 4752, Time: 00:28:35

HP  -4/33        AC  4     Str  5      XL: 7   Next: 19%
MP  19/19        EV 22     Int 16      God: Dithmenos [......]
Gold 255         SH  0     Dex 18      Spells:  4 memorised,  3 levels left

rFire  . . .     SeeInvis +     d - +0 arbalest
rCold  . . .     Clarity  .     C - +1 robe
rNeg   . . .     rCorr    .     (shield restricted)
rPois  .         rRot     .     (helmet restricted)
rElec  .         Spirit   .     R - +0 cloak
SustAb .         Warding  .     (gloves unavailable)
rMut   .         Stasis   .     (boots unavailable)
Gourm  .                        (no amulet)
MR     +....                    (no ring)
                                (no ring)

@: very quick, somewhat resistant to hostile enchantments, stealthy
A: unfitting armour, see invisible, herbivore 3, speed 3, slow metabolism 2
a: Renounce Religion


You were in the Ecumenical Temple.
You worshipped Dithmenos.
Dithmenos was noncommittal.
You were very hungry.

You visited 2 branches of the dungeon, and saw 7 of its levels.

You collected 255 gold pieces.

Inventory:

Hand weapons
 a - a +1 short sword of protection
 b - a +0 hand crossbow
 d - a +0 arbalest (weapon)
 J - a +2 whip of flaming
 N - a cursed -3 mace
Missiles
 A - 71 bolts (quivered)
Armour
 u - a +0 cloak
 C - a +1 robe (worn)
 R - a +0 cloak (worn)
Magical devices
 F - a wand of fire (3)
 I - a wand of cold (9)
Comestibles
 p - 2 bread rations
 z - 12 fruits
 M - a royal jelly
Scrolls
 e - a scroll of remove curse {unknown}
 h - 4 scrolls of identify {unknown}
 i - 2 scrolls of teleportation {unknown}
 l - a scroll of noise {unknown}
 m - 3 scrolls of random uselessness {unknown}
 v - a scroll of magic mapping {unknown}
 w - a scroll of blinking {unknown}
 y - a scroll of amnesia {unknown}
 B - a scroll of fog {unknown}
 E - a scroll of fear {unknown}
 Q - a scroll of enchant weapon {unknown}
Jewellery
 j - an uncursed ring of poison resistance {unknown}
 s - an uncursed amulet of warding {unknown}
 H - an uncursed ring of protection from cold {unknown}
 P - an uncursed ring of fire {unknown}
Potions
 f - a potion of agility {unknown}
 g - a potion of degeneration {unknown}
 k - a potion of resistance {unknown}
 n - 2 potions of brilliance {unknown}
 o - 3 potions of curing {unknown}
 q - a potion of flight {unknown}
 r - 2 potions of cancellation {unknown}
 t - a potion of lignification {unknown}
 x - a potion of haste {unknown}
 D - 3 potions of heal wounds {unknown}
 G - a potion of restore abilities {unknown}
 K - 2 potions of porridge
 L - 2 potions of might {unknown}
 O - a potion of berserk rage {unknown}
Books
 c - a book of Maledictions

   Spells                             Type                      Level
   *Corona                            Hexes                        1
   *Sure Blade                        Hexes/Charms                 2
   *Ensorcelled Hibernation           Hexes/Ice                    2
   *Confuse                           Hexes                        3
   Dazzling Spray                     Conjuration/Hexes            3
   Enslavement                        Hexes                        4


   Skills:
 + Level 1.6 Fighting
 + Level 2.7 Short Blades
 * Level 4.0 Crossbows
 + Level 6.2 Dodging
 + Level 6.8 Stealth
 + Level 2.9 Spellcasting
 + Level 4.1 Hexes


You had 3 spell levels left.
You knew the following spells:

 Your Spells              Type           Power        Failure   Level  Hunger
a - Corona                Hex            ###....      4%          1    #......
b - Confuse               Hex            ###.....     12%         3    ###....
c - Ensorcelled Hibernat  Hex/Ice        #.....       14%         2    ##.....
d - Sure Blade            Hex/Chrm       #.........   14%         2    ##.....


Dungeon Overview and Level Annotations

Branches:
Dungeon (6/15)             Temple (1/1) D:6

Altars:
Cheibriados
Dithmenos
Elyvilon
Nemelex Xobeh
Okawaru
Qazlal
Trog
Xom
Yredelemnul
Zin
The Shining One

Annotations:
Temple Pikel


Innate Abilities, Weirdness & Mutations

You are tiny and cannot use many weapons and most armour.
You have supernaturally acute eyesight.
You are a herbivore.
You cover ground extremely quickly.
You need consume almost no food.


Message History

Unknown command.
Evoke which item? (* to show all) (? for menu, Esc to quit)
Zapping:
I - a wand of cold {zapped: 1}
Press: ? - help, Shift-Dir - straight line, f - Pikel
Aim: Pikel, wielding a whip of freezing and wearing a robe The bolt of cold misses Pikel.
Evoke which item? (* to show all) (? for menu, Esc to quit)
Zapping:
I - a wand of cold {zapped: 2}
Press: ? - help, Shift-Dir - straight line, f/p - Pikel
Aim: Pikel, wielding a whip of freezing and wearing a robe The bolt of cold hits Pikel.
Pikel is moderately wounded.
Pikel scowls and wipes his hands on his robe.
Pikel hits you with a whip of freezing!
* * * LOW HITPOINT WARNING * * *
Pikel freezes you.
* * * LOW HITPOINT WARNING * * *
There is a stormy altar of Qazlal here.
The slave hits you.
You die...

####### ####.....####
###...........###
#......K_.......#
##...._pp._....##
##...@.......## ##....⌠....##
##.......## ##.....## ##...##
########...########
########........<........######
#..............................
#...._....⌠.....#.....⌠...._...


You could see Pikel and 2 slaves.

Vanquished Creatures
  The ghost of Frenchkiss the Ruffian, an average VSMo (D:5)
  2 scorpions (D:4)
  A jelly (D:5)
  3 iguanas
  A worker ant (D:4)
  A big kobold zombie (D:5)
  Jessica (D:3)
  3 gnolls (D:4)
  2 adders
  A giant mite (D:3)
  A shadow imp (D:3)
  3 worms
  A giant gecko (D:2)
  6 orcs
  5 bats
  A bat skeleton (D:4)
  11 giant cockroaches
  14 hobgoblins
  11 kobolds
  A quokka (D:4)
  4 giant newts
  16 goblins
  2 goblin zombies
  14 jackals
  A kobold skeleton (D:5)
  9 rats
116 creatures vanquished.

Notes
Turn   | Place    | Note
--------------------------------------------------------------
     0 | D:1      | CrazyArbalest, the Spriggan Enchanter, began the quest for the Orb.
     0 | D:1      | Reached XP level 1. HP: 9/9 MP: 4/4
   107 | D:1      | Reached XP level 2. HP: 7/13 MP: 7/7
   337 | D:1      | Reached skill level 5 in Stealth
   582 | D:1      | Reached XP level 3. HP: 7/16 MP: 9/9
   949 | D:2      | Found a snail-covered altar of Cheibriados.
  1435 | D:2      | Reached XP level 4. HP: 11/21 MP: 12/12
  1709 | D:3      | Reached skill level 6 in Stealth
  2195 | D:3      | Noticed Jessica
  2201 | D:3      | Killed Jessica
  2595 | D:4      | Reached XP level 5. HP: 21/25 MP: 15/15
  2747 | D:4      | Reached skill level 1 in Fighting
  2747 | D:4      | Reached skill level 5 in Dodging
  2773 | D:4      | Reached skill level 1 in Crossbows
  3041 | D:4      | Learned a level 3 spell: Confuse
  3044 | D:4      | Learned a level 2 spell: Ensorcelled Hibernation
  3047 | D:4      | Learned a level 2 spell: Sure Blade
  3210 | D:4      | Reached XP level 6. HP: 30/30 MP: 17/17
  3599 | D:5      | Entered Level 5 of the Dungeon
  3599 | D:5      | Noticed Frenchkiss' ghost (average VSMo)
  3941 | D:5      | Killed Frenchkiss' ghost
  3946 | D:5      | Reached XP level 7. HP: 24/33 MP: 19/19
  4428 | D:5      | Found a sparkling altar of Nemelex Xobeh.
  4615 | D:6      | Noticed Pikel
  4631 | D:6      | Found a staircase to the Ecumenical Temple.
  4636 | Temple   | Entered the Ecumenical Temple
  4699 | Temple   | Became a worshipper of Dithmenos the Shadowed
  4750 | Temple   | HP: 1/33 [Pikel/whip of freezing (1)]
  4752 | Temple   | Slain by a slave

Action                   |  1- 3 |  4- 6 |  7- 9 || total
-------------------------+-------+-------+-------++-------
Melee: Dagger            |   139 |       |       ||   139
       Short sword       |    60 |   158 |    44 ||   262
 Fire: Arbalest          |       |    14 |     1 ||    15
       Hand crossbow     |       |    65 |     2 ||    67
Evoke: Wand              |       |     1 |     3 ||     4
 Stab: Sleeping          |    10 |     5 |     1 ||    16
       Distracted        |     1 |     1 |     1 ||     3
